AoeStats
← PiscoCAPEL777

Coastal Forest

503293825Analyzed
3v3 RM · 1mo ago on Aug 31, 2026· 53m 25s· 6 players
Game mode
Random Map
Map size
Normal (6 player)
Population
200
Speed
Normal
Resources
Standard
Victory
Conquest
Starting age
Dark Age
Ending age
Imperial Age
RankedLock teamsTeams togetherTeam positionsShared explorationLock speedFull tech treeHidden civsTurbo modeCheats
Victory
Defeat
🇨🇱 Dravidians · Chile
949
+10
🇨🇱 Ethiopians · Chile
918
+11
🇨🇱 Bohemians · Chile
730
+19
🇨🇱 Magyars · Chile
842
-15
🇨🇱 Khmer · Chile
819
-14
🇨🇱 Huns · Chile
748
-11
PiscoCAPEL777
11:33 Feudal Age
21:18 Castle Age
20:55 Fletching
21:06 Padded Archer Armor
21:43 Crossbowman
22:29 Thumb Ring
24:38 Bodkin Arrow
24:58 Leather Archer Armor
28:23 Horse Collar
31:31 Double-Bit Axe
37:40 Imperial Age
35:54 Heavy Plow
40:33 Arbalester
44:27 Ballistics
47:37 Chemistry
46:46 Bracer
47:16 Ring Archer Armor
Milaneso420
12:49 Feudal Age
14:08 Wheelbarrow
13:16 Horse Collar
13:24 Double-Bit Axe
14:56 Loom
20:43 Forging
20:34 Scale Mail Armor
26:54 Castle Age
26:03 Scale Barding Armor
25:59 Padded Archer Armor
27:43 Heavy Plow
27:07 Pikeman
29:21 Squires
29:08 Arson
42:08 Imperial Age
39:55 Hand Cart
40:04 Bow Saw
43:11 Hussite Reforms
42:42 Man-at-Arms
48:08 Long Swordsman
48:50 Two-Handed Swordsman
49:58 Champion
ivakke
11:12 Loom
13:06 Feudal Age
13:32 Man-at-Arms
15:07 Double-Bit Axe
15:31 Scale Mail Armor
17:34 Wheelbarrow
18:42 Loom
22:05 Castle Age
21:16 Arson
22:29 Forging
22:14 Long Swordsman
23:01 Pikeman
25:27 Squires
27:34 Gambesons
32:35 Medium Warships
37:56 Hand Cart
43:51 Imperial Age
42:29 Town Watch
42:22 Demolition Ship
45:02 Heavy Warships
46:11 Iron Casting
45:51 Chain Mail Armor
49:15 Blast Furnace
48:45 Plate Mail Armor
48:07 Fletching
48:17 Padded Archer Armor
50:11 Chemistry
48:41 Two-Handed Swordsman
48:42 Halberdier
50:30 Champion
52:55 Bodkin Arrow
53:16 Leather Archer Armor
Emmanuel
1:20 Loom
10:53 Feudal Age
13:38 Double-Bit Axe
16:59 Bloodlines
16:15 Man-at-Arms
22:02 Castle Age
27:05 Bow Saw
41:50 Elite Skirmisher
TheRadamanthys
1:56 Loom
10:57 Feudal Age
12:54 Double-Bit Axe
14:10 Bloodlines
20:38 Castle Age
21:02 Light Cavalry
22:15 Husbandry
37:19 Corvinian Army
43:50 Elite Skirmisher
sereno_loyola_victor
4:58 Loom
11:35 Feudal Age
18:46 Double-Bit Axe
24:14 Castle Age
25:01 Stone Mining
25:28 Gold Mining
31:01 Wheelbarrow
34:42 Padded Archer Armor
37:20 Leather Archer Armor
42:18 Fletching
43:43 Bodkin Arrow
44:51 Medium Warships
44:04 Demolition Ship
45:47 Elite Skirmisher
47:46 Ballistics
51:07 Imperial Age
52:53 Chemistry
52:35 Parthian Tactics
Connection lost

Rejoining the realm…

Still unreachable

The connection could not be restored.

Session expired

The server has moved on; the page needs a fresh start.